AoeStats
← Steklowata

Arena

509898699Analyzed
4v4 RM · 4d ago on Sep 28, 2026· 55m 7s· 8 players
Game mode
Random Map
Map size
Large (8 player)
Population
200
Speed
Normal
Resources
Standard
Victory
Conquest
Starting age
Dark Age
Ending age
Imperial Age
RankedLock teamsTeams togetherTeam positionsShared explorationLock speedFull tech treeHidden civsTurbo modeCheats
Victory
Defeat
🇦🇷 Britons · Argentina
975
+15
🇨🇳 Armenians · China
940
+16
🇨🇳 Burmese · China
910
+18
🇳🇱 Dravidians · Netherlands
902
+51
🇷🇺 Franks · Russia
1011
-19
🇷🇺 Italians · Russia
928
-16
🇫🇷 Britons · France
925
-16
🇩🇪 Cumans · Germany
921
-16
melm1111
8:37 Loom
11:48 Feudal Age
14:50 Double-Bit Axe
19:08 Wheelbarrow
18:20 Horse Collar
20:10 Fletching
25:55 Castle Age
24:23 Gold Mining
24:25 Stone Mining
31:51 Gold Shaft Mining
33:52 Imperial Age
31:37 Hand Cart
33:24 Bodkin Arrow
34:06 Capped Ram
39:31 Onager
42:43 Chemistry
41:55 Masonry
41:38 Siege Onager
43:42 Ballistics
43:20 Murder Holes
43:17 Heated Shot
49:16 Padded Archer Armor
WyZeR
0:26 Loom
11:58 Feudal Age
17:10 Castle Age
15:09 Stone Mining
15:13 Horse Collar
16:27 Double-Bit Axe
16:36 Gold Mining
17:29 Town Watch
18:24 Wheelbarrow
22:55 Bow Saw
24:28 Fletching
24:39 Padded Archer Armor
26:00 Bodkin Arrow
27:06 Leather Archer Armor
31:53 Imperial Age
31:53 Heavy Plow
33:30 Yeomen
36:58 Elite Longbowman
43:47 Bracer
44:18 Ring Archer Armor
43:30 Crossbowman
43:53 Elite Skirmisher
43:59 Crossbowman
48:16 Arbalester
Zalypuch
2:11 Loom
10:30 Feudal Age
10:59 Double-Bit Axe
10:54 Horse Collar
18:21 Castle Age
18:23 Fletching
18:33 Padded Archer Armor
19:01 Town Watch
19:51 Wheelbarrow
19:37 Bow Saw
20:20 Stone Mining
20:20 Gold Mining
20:45 Heavy Plow
23:09 Crossbowman
25:15 Bodkin Arrow
26:26 Ballistics
26:24 Leather Archer Armor
27:55 Elite Skirmisher
30:04 Murder Holes
32:51 Fortified Wall
32:52 Masonry
36:12 Pikeman
38:36 Forging
38:27 Scale Mail Armor
39:39 Hand Cart
42:32 Imperial Age
41:26 Iron Casting
43:17 Chain Mail Armor
43:05 Squires
42:54 Arbalester
43:35 Bracer
44:09 Ring Archer Armor
44:01 Conscription
44:41 Elite Genoese Crossbowman
46:07 Stone Shaft Mining
49:29 Caravan
Steklowata
11:42 Feudal Age
12:34 Double-Bit Axe
15:57 Castle Age
15:32 Gold Mining
19:06 Wheelbarrow
21:56 Loom
21:57 Town Watch
22:53 Stone Mining
23:44 Scale Barding Armor
24:40 Devotion
24:58 Hand Cart
25:20 Husbandry
27:26 Bow Saw
27:54 Chain Barding Armor
30:56 Imperial Age
29:08 Caravan
29:31 Forging
31:05 Iron Casting
29:54 Ordonnance Companies
30:45 Fletching
31:44 Gold Shaft Mining
32:00 Ballistics
31:53 Padded Archer Armor
31:21 Cavalier
31:24 Cranequins
33:00 Conscription
34:01 Plate Barding Armor
33:32 Chivalry
34:01 Bodkin Arrow
34:14 Siege Engineers
34:33 Town Patrol
34:26 Paladin
36:59 Blast Furnace
36:39 Heavy Mounted Crossbowman
37:36 Leather Archer Armor
38:34 Chemistry
45:11 Faith
QZ7
11:08 Feudal Age
17:08 Castle Age
15:45 Double-Bit Axe
16:20 Horse Collar
19:18 Bow Saw
19:11 Heavy Plow
23:46 Wheelbarrow
23:47 Gold Mining
26:28 Hand Cart
26:23 Fletching
26:34 Padded Archer Armor
27:05 Stone Mining
27:24 Bodkin Arrow
27:41 Pikeman
32:30 Imperial Age
35:08 Leather Archer Armor
36:02 Elite Longbowman
38:28 Two-Man Saw
39:30 Gold Shaft Mining
39:31 Loom
41:31 Chemistry
40:56 Bracer
41:26 Ring Archer Armor
43:23 Ballistics
44:54 Yeomen
Behemoth
10:38 Feudal Age
11:43 Double-Bit Axe
13:56 Stone Mining
15:17 Horse Collar
15:29 Gold Mining
17:02 Loom
20:56 Castle Age
19:02 Arson
19:04 Man-at-Arms
20:49 Wheelbarrow
23:06 Wheelbarrow
22:57 Heavy Plow
26:14 Bow Saw
28:17 Hand Cart
29:00 Husbandry
38:03 Thumb Ring
38:05 Padded Archer Armor
37:55 Fletching
38:06 Scale Mail Armor
38:16 Forging
38:12 Scale Barding Armor
42:17 Imperial Age
40:46 Leather Archer Armor
41:35 Pikeman
42:15 Squires
42:01 Gambesons
42:38 Halberdier
43:04 Elite Elephant Archer
44:10 Caravan
45:14 Bodkin Arrow
45:50 Ring Archer Armor
45:35 Chain Mail Armor
53:09 Plate Mail Armor
53:14 Iron Casting
52:40 Bracer
摘星怪
11:20 Feudal Age
15:30 Castle Age
14:16 Horse Collar
14:35 Stone Mining
16:53 Gold Mining
16:58 Loom
17:48 Wheelbarrow
19:29 Heavy Plow
26:22 Hand Cart
26:19 Town Watch
27:54 Gold Shaft Mining
28:49 Manipur Cavalry
32:05 Imperial Age
29:40 Town Patrol
30:16 Treadmill Crane
30:48 Fortified Wall
30:49 Masonry
30:56 Forging
30:51 Scale Barding Armor
30:58 Bloodlines
30:48 Husbandry
33:15 Iron Casting
33:01 Chain Barding Armor
32:39 Murder Holes
32:07 Elite Battle Elephant
33:16 Conscription
33:14 Howdah
34:20 Architecture
33:57 Light Cavalry
36:00 Blast Furnace
35:36 Plate Barding Armor
34:37 Hussar
37:50 Devotion
44:09 Chemistry
43:30 Ballistics
42:41 Onager
45:51 Crop Rotation
Carrot
0:29 Loom
11:52 Feudal Age
19:41 Castle Age
20:05 Scale Mail Armor
20:16 Forging
20:45 Horse Collar
20:52 Double-Bit Axe
22:04 Man-at-Arms
33:39 Imperial Age
32:50 Chain Mail Armor
33:12 Iron Casting
32:41 Heavy Plow
32:53 Bow Saw
33:03 Gold Mining
32:35 Long Swordsman
33:02 Gambesons
33:18 Squires
34:47 Gold Shaft Mining
33:39 Two-Handed Swordsman
33:52 Capped Ram
35:35 Champion
36:55 Conscription
37:22 Wheelbarrow
38:35 Arson
39:56 Hand Cart
39:26 Town Watch
39:41 Siege Ram
44:02 Fereters
44:46 Plate Mail Armor
52:53 Iron Casting
52:55 Town Patrol
Connection lost

Rejoining the realm…

Still unreachable

The connection could not be restored.

Session expired

The server has moved on; the page needs a fresh start.